 Dungeon Crawl Stone Soup version bcrawl-1.15.1 (webtiles) character file.

Game seed: 5708318009453562268

95 Ackmard the Shooter (level 4, -1/37 HPs)
             Began as a Centaur Hunter on Sept 27, 2019.
             Killed by divine providence
             ... invoked by an orc priest
              (16 damage)
             ... on level 2 of the Dungeon.
             The game lasted 00:15:23 (1591 turns).

Ackmard the Shooter (Centaur Hunter)                Turns: 1591, Time: 00:15:24

Health: -1/37      AC:  4    Str: 14    XL:     4   Next: 40%
Magic:  4/4        EV:  9    Int: 10    God:
Gold:   129        SH:  0    Dex: 11    Spells: 3/3 levels left

rFire    . . .     SeeInvis .   a - +1 shortbow
rCold    . . .     Gourm    .   (shield currently unavailable)
rNeg     . . .     Faith    .   c - +0 leather armour
rPois    .         Spirit   .   (no helmet)
rElec    .         Reflect  .   (no cloak)
rCorr    .         Harm     .   (no gloves)
MR       .....                  (no barding)
Stlth    +.........             (no amulet)
HPRegen  0.12/turn              (no ring)
MPRegen  0.09/turn              (no ring)

@: very quick
A: large, hooves 3, deformed body, speed 2, tough skin 3
a: no special abilities


You were on level 2 of the Dungeon.
You were not hungry.

You visited 1 branch of the dungeon, and saw 2 of its levels.

You collected 129 gold pieces.

Inventory:

Hand Weapons
 a - a +1 shortbow (weapon)
 b - a +0 spear
 m - a +0 short sword
Missiles
 d - 237 arrows (quivered)
Armour
 c - a +0 leather armour (worn)
Jewellery
 j - a +3 amulet of reflection {unknown}
Scrolls
 e - 2 scrolls of identify {unknown}
 i - 2 scrolls of magic mapping {unknown}
 k - a scroll of enchant armour {unknown}
 l - a scroll of immolation {unknown}
 o - a scroll of enchant weapon {unknown}
Potions
 g - 3 potions of curing {unknown}
 h - a potion of berserk rage {unknown}
 n - a potion of resistance {unknown}
Comestibles
 f - 6 rations {!d}


   Skills:
 + Level 2.7 Fighting
 + Level 1.1 Polearms
 * Level 6.9 Bows
 - Level 1.5 Dodging
 - Level 0.5 Stealth


You had 3 spell levels left.
You didn't know any spells.
Your spell library was empty.

Dungeon Overview and Level Annotations

Branches:
Dungeon (2/12)

Altars:


Innate Abilities, Weirdness & Mutations

You have hooves in place of feet.
Armour fits poorly on your strangely shaped body.
You cover ground very quickly.
You have extremely tough skin. (AC +3)


Message History

Beogh smites you!
The orc wizard shouts!
Firing (i - inventory)
d - 239 arrows (quivered)
Press: ? - help, Shift-Dir - straight line, f/p - orc priest
Aim: an orc priest, wielding a +0 dagger and wearing a +0 scale mail (lightly wounded)
You shoot an arrow.
The arrow hits the orc priest but does no damage.
The orc priest is lightly wounded.
The orc wizard miscasts a cantrip.
Firing (i - inventory)
d - 238 arrows (quivered)
Press: ? - help, Shift-Dir - straight line, f/p - orc priest
Aim: an orc priest, wielding a +0 dagger and wearing a +0 scale mail (lightly wounded)
You shoot an arrow. The arrow hits the orc priest!
The orc priest is heavily wounded.
The orc priest calls down the wrath of Beogh upon you.
Pain shoots through your body!
You are too injured to fight recklessly!
The orc priest calls down the wrath of Beogh upon you.
Beogh smites you!
You die...

...>........................
....##...............####...
##....#.##...........#####.
#####...###............. #
#....####...#......... #
#.##.........##...#### # #.
#.)###..#......##### .
##.##........o.....#
..####.#......@..o......
...........).#.####o.)...
#..............# o....
#.............## o.o.
#...#####.....# s.. #...
#.....# .. '.. #.....# . '.
#######


You could see an orc priest and 2 orcs.

Vanquished Creatures
  A crimson imp (D:1)
  An ooze (D:1)
  2 worms (D:2)
  4 dart slugs
  A leopard gecko (D:2)
  2 orcs (D:2)
  2 bats
  4 goblins
  7 hobgoblins
  6 kobolds
  A ball python (D:2)
  4 frilled lizards
  3 rats
38 creatures vanquished.

Notes
Turn   | Place    | Note
-------+----------+-------------------------------------------
     0 | D:1      | Ackmard the Centaur Hunter began the quest for the Orb.
     0 | D:1      | Reached XP level 1. HP: 17/17 MP: 1/1
    96 | D:1      | Reached skill level 6 in Bows
    96 | D:1      | Reached XP level 2. HP: 15/24 MP: 2/2
   902 | D:2      | Reached XP level 3. HP: 26/29 MP: 3/3
  1273 | D:1      | Reached skill level 1 in Polearms
  1273 | D:1      | Reached XP level 4. HP: 22/37 MP: 4/4
  1591 | D:2      | Killed from afar by an orc priest

Skill      XL: |  1  2  3 |
---------------+----------+-----
Bows           | 6 |  6.9
Polearms       | 1 |  1.1
Fighting       | |  2.7
Dodging        | |  1.5
Stealth        | |  0.5

Action                   |  1- 3 |  4- 6 || total
-------------------------+-------+-------++-------
Melee: Spear             |    33 |     1 ||    34
       Kick              |     3 |       ||     3
 Fire: Shortbow          |    59 |    44 ||   103
  Eat: Ration            |       |     1 ||     1
Armor: Leather armour    |    11 |     1 ||    12
Dodge: Dodged            |    25 |     3 ||    28
